 Dungeon Crawl Stone Soup version 0.25-a0-458-g6fc7858b95 (webtiles) character file.

Game seed: 3629006845734583494, levelgen mode: deterministic

60 funkygono the Grave Robber (level 3, -1/24 HPs)
             Began as a Demonspawn Necromancer on Feb 1, 2020.
             Slain by a worm (11 damage)
             ... on level 2 of the Dungeon.
             The game lasted 00:04:31 (1401 turns).

funkygono the Grave Robber (Demonspawn Necromancer) Turns: 1401, Time: 00:04:31

Health: -1/24      AC:  2    Str: 13    XL:     3   Next: 80%
Magic:  0/7        EV: 12    Int: 17    God:
Gold:   28         SH:  0    Dex: 13    Spells: 3/8 levels left

rFire    . . .     SeeInvis .   e - +0 short sword
rCold    . . .     Gourm    .   (no shield)
rNeg     . . .     Faith    .   a - +0 robe
rPois    .         Spirit   .   (no helmet)
rElec    .         Reflect  .   (no cloak)
rCorr    .         Harm     .   (no gloves)
MR       .....                  (no boots)
Stlth    ++........             (no amulet)
HPRegen  0.08/turn              d - +5 ring of strength
MPRegen  0.10/turn              (no ring)

@: no status effects
A: spiny 2
a: no special abilities


You were on level 2 of the Dungeon.
You were not hungry.

You visited 1 branch of the dungeon, and saw 2 of its levels.

You collected 28 gold pieces.

Inventory:

Hand Weapons
 e - a +0 short sword (weapon)
Armour
 a - a +0 robe (worn)
Jewellery
 d - a +5 ring of strength (left hand)
 n - a +2 ring of evasion {unknown}
Scrolls
 i - 2 scrolls of identify
 k - 4 scrolls of amnesia
 o - a scroll of fog {unknown}
Potions
 b - a potion of degeneration
 f - a potion of flight {unknown}
 g - a potion of resistance {unknown}
 j - a potion of ambrosia {unknown}
 l - a potion of lignification {unknown}
 m - 2 potions of curing
Comestibles
 c - 2 rations
 h - 5 chunks of flesh


   Skills:
 + Level 1.9 Dodging
 + Level 1.8 Stealth
 * Level 3.1 Spellcasting
 + Level 5.1 Necromancy


You had 3 spell levels left.
You knew the following spells:

 Your Spells              Type           Power        Failure   Level  Hunger
a - Pain                  Necr           ###.         1%          1    None
b - Animate Skeleton      Necr           N/A          1%          1    None
c - Vampiric Draining     Necr           ###.......   6%          3    ###....

Your spell library contained the following spells:

 Spells                   Type           Power        Failure   Level  Hunger
 Animate Dead             Necr           N/A          21%         4    ####...
 Agony                    Necr           ###.....     50%         5    ######.


Dungeon Overview and Level Annotations

Branches:
Dungeon (2/15)

Altars:


Innate Abilities, Weirdness & Mutations

You are mostly covered in sharp spines.


Message History

The worm bites your hobgoblin skeleton!
Your hobgoblin skeleton is destroyed!
Casting: Pain (safe; 1% risk of failure)
Confirm with . or Enter, or press ? or * to list all spells.
Aiming: Pain (safe; 1% risk of failure)
Press: ? - help, Shift-Dir - straight line, f/p - worm
Aim: a worm (heavily wounded, chance to defeat MR: 85%)
The worm writhes in agony.
Casting: Pain (safe; 1% risk of failure)
Confirm with . or Enter, or press ? or * to list all spells.
Aiming: Pain (safe; 1% risk of failure)
Press: ? - help, Shift-Dir - straight line, f/p - worm
Aim: a worm (heavily wounded, chance to defeat MR: 85%)
The worm barely resists.
Casting: Pain (safe; 1% risk of failure)
Confirm with . or Enter, or press ? or * to list all spells.
You don't have enough magic to cast that spell.
Unknown command.
The worm bites you!
You die...

######## #......#
...#############......#####
.........w@..............>#
...#############........#
#######.#.# #..Z(.Z.#
#)######### #...Z...Z.# #
#########Z#.# #.......#.#
##......Z#.#


You could see a worm.

Vanquished Creatures
  A gnoll (D:1)
  2 adders (D:2)
  A dart slug (D:1)
  A giant cockroach (D:2)
  A goblin (D:1)
  7 hobgoblins
  5 kobolds
  2 ball pythons (D:1)
  2 bats (D:1)
  4 frilled lizards
  5 rats
31 creatures vanquished.

Vanquished Creatures (collateral kills)
  A rat (D:2)
1 creature vanquished.

Grand Total: 32 creatures vanquished

Notes
Turn   | Place    | Note
-------+----------+-------------------------------------------
     0 | D:1      | funkygono the Demonspawn Necromancer began the quest for
                  | the Orb.
     0 | D:1      | Reached XP level 1. HP: 13/13 MP: 3/3
   429 | D:1      | Gained mutation: You are partially covered in sharp spines.
                  | [demonic ancestry]
   429 | D:1      | Reached XP level 2. HP: 17/19 MP: 1/5
   837 | D:1      | Gained mutation: You are mostly covered in sharp spines.
                  | [demonic ancestry]
   837 | D:1      | Reached XP level 3. HP: 20/24 MP: 0/7
   907 | D:1      | Learned a level 1 spell: Animate Skeleton
  1054 | D:2      | Learned a level 3 spell: Vampiric Draining
  1238 | D:2      | Reached skill level 5 in Necromancy
  1401 | D:2      | Slain by a worm

Levels and vault maps discovered:
D:1:      moated_graveyard_arrival, layout_basic, hangedman_decor_push,
          minmay_misc_feat_four_crosses, grunt_decor_clamped, minivault_27
D:2:      layout_basic, tgw_fedhas

Skill      XL: |  1  2  3 |
---------------+----------+-----
Necromancy     | 5 |  5.1
Spellcasting   | 3 |  3.1
Dodging        | |  1.9
Stealth        | |  1.8

Action                   || total
-------------------------++-------
Melee: Short sword       ||     1
 Cast: Pain              ||    59
       Animate Skeleton  ||     8
  Use: Scroll            ||     4
 Stab: Distracted        ||     1
  Eat: Chunk             ||     2
Armor: Robe              ||     1
Dodge: Dodged            ||     5

Table legend:
 A = Non-vault XP
 B = Vault XP
 C = Vault XP percentage of total XP
 D = Non-vault monster count
 E = Vault monster count
 F = Vault count percentage of total count
                 A         B        C        D         E       F
            +---------+---------+-------+---------+---------+-------
      Total |      86 |       0 |   0.0 |      32 |       0 |   0.0
            +---------+---------+-------+---------+---------+-------
        D:1 |      43 |       0 |   0.0 |      20 |       0 |   0.0
        D:2 |      43 |       0 |   0.0 |      12 |       0 |   0.0
            +---------+---------+-------+---------+---------+-------
